 Dungeon Crawl Stone Soup version 0.28.0-53-g5a82cb258f (webtiles) character file.

Game seed: 9667339808471977173

70 Gabide the Ducker (level 4, -8/29 HPs)
             Began as a Tengu Monk on June 17, 2022.
             Was a Plaything of Xom.
             Killed from afar by Ijyb (10 damage)
             ... with a puff of flame
             ... on level 3 of the Dungeon.
             The game lasted 00:01:19 (1571 turns).

Gabide the Ducker (Tengu Monk)                      Turns: 1571, Time: 00:01:19

Health: -8/29      AC:  3    Str: 11    XL:     4   Next: 21%
Magic:  5/5        EV: 14    Int: 10    God:    Xom [..*...]
Gold:   19         SH:  0    Dex: 19    Spells: 3/3 levels left

rFire   . . .      SeeInvis .   a - +0 spear
rCold   . . .      Faith    .   (no shield)
rNeg    . . .      Spirit   .   b - +0 robe
rPois   .          Reflect  .   (helmet restricted)
rElec   .          Harm     .   h - +0 cloak
rCorr   .          Rampage  .   (no gloves)
Will    .....                   (boots unavailable)
Stlth   ++........              (no amulet)
HPRegen 0.09/turn               (no ring)
MPRegen 0.09/turn               (no ring)

@: brilliant, hasted, very quick
A: beak, talons 3
a: Renounce Religion


You were on level 3 of the Dungeon.
You worshipped Xom.
You were a toy of Xom.
You visited 1 branch of the dungeon, and saw 3 of its levels.

You collected 19 gold pieces.

Inventory:

Hand Weapons
 a - a +0 spear (weapon)
Armour
 b - a +0 robe (worn)
 h - a +0 cloak (worn)
Wands
 j - a wand of polymorph (3)
Scrolls
 e - a scroll of silence {unknown}
 f - a scroll of teleportation {unknown}
 i - a scroll of fear {unknown}
Potions
 d - a potion of magic
 g - a potion of brilliance


   Skills:
 + Level 3.7 Fighting
 + Level 4.1 Polearms
 + Level 4.1 Dodging
 - Level 2.0 Stealth


You had 3 spell levels left.
You didn't know any spells.
Your spell library contained the following spells:

 Spells                   Type           Power      Damage    Failure   Level
 Blink                    Tloc           0%         N/A       50%         2
 Ensorcelled Hibernation  Hex/Ice        0%         N/A       50%         2
 Passwall                 Tmut/Erth      0%         N/A       50%         2
 Swiftness                Air            0%         N/A       75%         3
 Manifold Assault         Tloc           0%         N/A       100%        5
 Storm Form               Tmut/Air       0%         N/A       100%        7


Dungeon Overview and Level Annotations

Branches:
Dungeon (3/15)

Altars:
Xom

Annotations:
D:3 Ijyb


Innate Abilities, Weirdness & Mutations

You have a beak for a mouth.
You have claws for feet.


Message History

Ijyb zaps a wand.
The puff of flame hits you.
You barely miss Ijyb. Your peck misses Ijyb.
Ijyb is lightly wounded.
Ijyb barely misses you.
You hit Ijyb. Your kick misses Ijyb.
Ijyb is moderately wounded.
Ijyb closely misses you.
You barely miss Ijyb. You claw Ijyb, but do no damage.
You peck Ijyb, but do no damage.
Ijyb is moderately wounded.
Ijyb barely misses you.
You hit Ijyb but do no damage. You claw Ijyb, but do no damage.
Ijyb is moderately wounded.
You closely miss Ijyb. Your kick misses Ijyb. Your peck misses Ijyb.
Ijyb is moderately wounded.
Ijyb hits you with a +0 dagger.
You barely miss Ijyb. Your peck misses Ijyb.
Ijyb is moderately wounded.
Ijyb zaps a wand.
The puff of flame hits you!
* * * LOW HITPOINT WARNING * * *
You are too injured to fight recklessly!
You are too injured to fight recklessly!
You are too injured to fight recklessly!
You are too injured to fight recklessly!
It was a potion of magic.
Magic courses through your body. Ijyb hits you with a +0 dagger.
* * * LOW HITPOINT WARNING * * *
It was a potion of brilliance.
You feel clever all of a sudden.
Ijyb screams, "Get away!"
Ijyb closely misses you.
It was a potion of haste.
You feel yourself speed up. Ijyb hits you with a +0 dagger.
* * * LOW HITPOINT WARNING * * *
Press: ? - help, v - describe, . - travel
Here: Ijyb, wielding a +0 dagger, wearing a +0 leather armour and carrying a wand of flame (22) (moderately wounded)
The floor.
Unknown command.
Ijyb zaps a wand.
The puff of flame hits you!
You die...

#.# #.# #. #.#
.... #.#
######...# #.#
#........#
###.###........#
#..............
#..<........#
#.....@.....#
#.......g...#
#.............#
######........#
#...<....#
...........
...>......##
...........#
..........>.#


You could see Ijyb.

Vanquished Creatures
  Jessica (D:2)
  An adder (D:2)
  A worm (D:2)
  A dart slug (D:1)
  3 ball pythons
  3 endoplasms (D:1)
  2 giant cockroaches (D:1)
  2 goblins
  5 hobgoblins
  2 quokkas (D:1)
  3 bats (D:1)
  3 rats
27 creatures vanquished.

Notes
Turn   | Place    | Note
-------+----------+-------------------------------------------
     0 | D:1      | Gabide the Tengu Monk began the quest for the Orb.
     0 | D:1      | Reached XP level 1. HP: 14/14 MP: 2/2
    39 | D:1      | Found a faded altar of an unknown god.
   232 | D:1      | Prayed at the altar of an unknown god.
   232 | D:1      | Became a worshipper of Xom of Chaos
   236 | D:1      | Reached XP level 2. HP: 19/19 MP: 3/3
   431 | D:1      | XOM: divination: detect items
   563 | D:1      | Reached XP level 3. HP: 23/23 MP: 4/4
  1349 | D:2      | Noticed Jessica
  1354 | D:2      | Killed Jessica
  1355 | D:2      | Reached XP level 4. HP: 29/29 MP: 5/5
  1552 | D:3      | Noticed Ijyb
  1571 | D:3      | Killed from afar by Ijyb

Illustrated notes

Levels and vault maps discovered:
D:1:      heliophobic_arrival_ceremonial_halls, layout_rooms,
          chequers_ecumenical_altar_simple, wad_woods_river_04
D:2:      layout_basic, uniq_jessica
D:3:      minmay_skewed_foursquare, layout_basic, hangedman_decor_points,
          dk_noncrumbling_2, minmay_misc_feat_nine_boxes, uniq_ijyb

Skill      XL: |  1  2  3 |
---------------+----------+-----
Polearms       | 4 |  4.1
Dodging        | 4 |  4.1
Fighting       | |  3.7
Stealth        | |  2.0

Action                   |  1- 3 |  4- 6 || total
-------------------------+-------+-------++-------
Melee: Spear             |    67 |    14 ||    81
       Kick              |    14 |     4 ||    18
       Peck              |     7 |     1 ||     8
       Punch             |     1 |       ||     1
  Use: Potion            |       |     3 ||     3
 Stab: Sleeping          |     3 |       ||     3
Armor: Robe              |     5 |       ||     5
Dodge: Dodged            |    26 |     4 ||    30
